TOP OF THE 1ST |
---|
Tennessee Volunteers batting - Pitching for Iowa State Cyclones : RHP Bill Tracy | Pitching: RHP Bill Tracy | | Batting: LHB Tom McTier | 0-0: Fly out, F4 (Popup, 4) | Batting: RHB Gary Washington | 0-0: Ball 1-0: Ball 2-0: Foul Ball, location: 2F 2-1: Ball 3-1: Foul Ball, location: 2F 3-2: Foul Ball, location: 2F 3-2: Ground out 5-3 (Groundball, 56) | Batting: LHB Alfredo Cantú | 0-0: Ball 1-0: Swinging Strike 1-1: Called Strike 1-2: Fly out, F8 (Flyball, 8RS) | Top of the 1st over - 0 runs, 0 hits, 0 errors, 0 left on base; Tennessee 0 - Iowa State 0 | BOTTOM OF THE 1ST |
---|
Iowa State Cyclones batting - Pitching for Tennessee Volunteers : RHP Ramón Silva | Pitching: RHP Ramón Silva | | Batting: LHB Mike O'Bryan | 0-0: Foul Ball, location: 2F 0-1: Swinging Strike 0-2: Foul Ball, location: 2F 0-2: Ball 1-2: Strikes out swinging | Batting: RHB Carlos Santana | 0-0: Ball 1-0: Ground out 5-3 (Groundball, 56S) | Batting: SHB Ralph Marshall | 0-0: Ball 1-0: Called Strike 1-1: Fly out, F5 (Popup, 56) | Bottom of the 1st over - 0 runs, 0 hits, 0 errors, 0 left on base; Tennessee 0 - Iowa State 0 | TOP OF THE 2ND |
---|
Tennessee Volunteers batting - Pitching for Iowa State Cyclones : RHP Bill Tracy | Batting: LHB Carl Coffman | 0-0: SINGLE (Groundball, 6M) (infield hit) | Batting: SHB Jared Calhoun | 0-0: Ball 1-0: Foul Ball, location: 2F 1-1: Fly out, F7 (Flyball, 78M) | Batting: RHB Bruce Carr | 0-0: Ball 1-0: Swinging Strike 1-1: Ball 2-1: Ball 3-1: SINGLE (Line Drive, 89S) Carl Coffman to second | Batting: RHB Rodney Walker | 0-0: Called Strike 0-1: Ball 1-1: Grounds into double play, 6-4-3 (Groundball, 6) | Top of the 2nd over - 0 runs, 2 hits, 0 errors, 1 left on base; Tennessee 0 - Iowa State 0 | BOTTOM OF THE 2ND |
---|
Iowa State Cyclones batting - Pitching for Tennessee Volunteers : RHP Ramón Silva | Batting: LHB Alberto Paz | 0-0: Ball 1-0: Swinging Strike 1-1: Ball 2-1: Called Strike 2-2: Foul Ball, location: 2F 2-2: Ball 3-2: Base on Balls | Batting: SHB Octávio Longoria | 0-0: Swinging Strike 0-1: Ball 1-1: Grounds into double play, 6-4-3 (Groundball, 6) | Batting: RHB Ollie Johnson | 0-0: Ball 1-0: Called Strike 1-1: Called Strike 1-2: Ground out 5-3 (Groundball, 56) | Bottom of the 2nd over - 0 runs, 0 hits, 0 errors, 0 left on base; Tennessee 0 - Iowa State 0 | TOP OF THE 3RD |
---|
Tennessee Volunteers batting - Pitching for Iowa State Cyclones : RHP Bill Tracy | Batting: RHB Chris Harper | 0-0: Fly out, F7 (Flyball, 7D) | Batting: RHB John Pickup | 0-0: Ground out U3 (Groundball, 3L) | Batting: LHB Tom McTier | 0-0: Ball 1-0: Ball 2-0: Foul Ball, location: 2F 2-1: Foul Ball, location: 2F 2-2: Foul Ball, location: 2F 2-2: Ball 3-2: Strikes out swinging | Top of the 3rd over - 0 runs, 0 hits, 0 errors, 0 left on base; Tennessee 0 - Iowa State 0 | BOTTOM OF THE 3RD |
---|
Iowa State Cyclones batting - Pitching for Tennessee Volunteers : RHP Ramón Silva | Batting: LHB Marty Gómez | 0-0: Called Strike 0-1: Foul Ball, location: 2F 0-2: Foul Ball, location: 2F 0-2: Ball 1-2: Strikes out swinging | Batting: RHB Jimmy Stokes | 0-0: Reached on error, E7 (Flyball, 7S) | Batting: RHB Jim Hall | 0-0: SINGLE (Flyball, 89S) Jimmy Stokes to second Runner from 2nd tries for 3rd, SAFE, throw made to third | Batting: LHB Mike O'Bryan | 0-0: Ball 1-0: Fielders Choice at 2nd, 3-6 (Groundball, 3) Jimmy Stokes scores | Batting: RHB Carlos Santana | 0-0: Ball Mike O'Bryan steals 2nd base 1-0: Ball 2-0: Swinging Strike 2-1: Ball 3-1: Base on Balls | Batting: SHB Ralph Marshall | 0-0: Fielders Choice at 2nd, 5-4 (Groundball, 56) | Bottom of the 3rd over - 1 run, 1 hit, 1 error, 2 left on base; Tennessee 0 - Iowa State 1 | TOP OF THE 4TH |
---|
Tennessee Volunteers batting - Pitching for Iowa State Cyclones : RHP Bill Tracy | Batting: RHB Gary Washington | 0-0: Ball 1-0: Ball 2-0: Ball 3-0: Called Strike 3-1: Base on Balls | Batting: LHB Alfredo Cantú | 0-0: Called Strike 0-1: Ball 1-1: Ball 2-1: Ball 3-1: Foul Ball, location: 2F 3-2: Base on Balls Gary Washington to second | Batting: LHB Carl Coffman | 0-0: Foul Ball, location: 2F 0-1: Ball 1-1: Ball 2-1: Ball 3-1: SINGLE (Groundball, 34D) Gary Washington to third Alfredo Cantú to second Runner from 3rd tries for Home, SAFE, throw made home | Batting: SHB Jared Calhoun | 0-0: Fly out, F5 (Line Drive, 5F) | Batting: RHB Bruce Carr | 0-0: Grounds into double play, 6-4-3 (Groundball, 6) | Top of the 4th over - 1 run, 1 hit, 0 errors, 1 left on base; Tennessee 1 - Iowa State 1 | BOTTOM OF THE 4TH |
---|
Iowa State Cyclones batting - Pitching for Tennessee Volunteers : RHP Ramón Silva | Batting: LHB Alberto Paz | 0-0: Foul Ball, location: 2F 0-1: Ball 1-1: Called Strike 1-2: Strikes out swinging | Batting: SHB Octávio Longoria | 0-0: Ball 1-0: Called Strike 1-1: Foul Ball, location: 2F 1-2: Ball 2-2: Ball 3-2: Base on Balls | Batting: RHB Ollie Johnson | 0-0: Ball 1-0: Called Strike 1-1: Foul Ball, location: 2F 1-2: Ball 2-2: Foul Ball, location: 2F 2-2: Foul Ball, location: 2F 2-2: Fly out, F5 (Flyball, 5D) | Batting: LHB Marty Gómez | 0-0: Foul Ball, location: 2F 0-1: SINGLE (Line Drive, 89S) Octávio Longoria to second Runner from 2nd tries for 3rd, OUT! | Bottom of the 4th over - 0 runs, 1 hit, 0 errors, 1 left on base; Tennessee 1 - Iowa State 1 | TOP OF THE 5TH |
---|
Tennessee Volunteers batting - Pitching for Iowa State Cyclones : RHP Bill Tracy | Batting: RHB Rodney Walker | 0-0: Fly out, F7 (Line Drive, 7) | Batting: RHB Chris Harper | 0-0: Foul Ball, location: 2F 0-1: Called Strike 0-2: Strikes out swinging | Batting: RHB John Pickup | 0-0: Foul Ball, location: 2F 0-1: Swinging Strike 0-2: Strikes out swinging | Top of the 5th over - 0 runs, 0 hits, 0 errors, 0 left on base; Tennessee 1 - Iowa State 1 | BOTTOM OF THE 5TH |
---|
Iowa State Cyclones batting - Pitching for Tennessee Volunteers : RHP Ramón Silva | Batting: RHB Jimmy Stokes | 0-0: Bunt for hit - play at first, batter OUT! 5-3 | Batting: RHB Jim Hall | 0-0: Called Strike 0-1: SINGLE (Groundball, 34) (infield hit) | Batting: LHB Mike O'Bryan | 0-0: Ball Jim Hall is caught stealing 2nd base 1-0: Ball 2-0: Ball 3-0: Called Strike 3-1: Foul Ball, location: 2F 3-2: Base on Balls | Batting: RHB Carlos Santana | 0-0: Ball 1-0: Called Strike Mike O'Bryan steals 2nd base 1-1: 2-RUN HOME RUN (Flyball, 7D), Distance : 358 ft | Pitching: LHP Tim Jones | | Batting: SHB Ralph Marshall | 0-0: Called Strike 0-1: Ball 1-1: Called Strike 1-2: Strikes out swinging | Bottom of the 5th over - 2 runs, 2 hits, 0 errors, 0 left on base; Tennessee 1 - Iowa State 3 | TOP OF THE 6TH |
---|
Tennessee Volunteers batting - Pitching for Iowa State Cyclones : RHP Bill Tracy | Batting: LHB Tom McTier | 0-0: Called Strike 0-1: Ball 1-1: Swinging Strike 1-2: Strikes out looking | Batting: RHB Gary Washington | 0-0: SOLO HOME RUN (Flyball, 7LD), Distance : 316 ft | Batting: LHB Alfredo Cantú | 0-0: Swinging Strike 0-1: Foul Ball, location: 2F 0-2: Ball 1-2: SOLO HOME RUN (Line Drive, 89XD), Distance : 382 ft | Batting: LHB Carl Coffman | 0-0: Fly out, F8 (Flyball, 8LS) | Batting: SHB Jared Calhoun | 0-0: Ball 1-0: Ground out 1-3 (Groundball, 15) | Top of the 6th over - 2 runs, 2 hits, 0 errors, 0 left on base; Tennessee 3 - Iowa State 3 | BOTTOM OF THE 6TH |
---|
Iowa State Cyclones batting - Pitching for Tennessee Volunteers : LHP Tim Jones | Batting: LHB Alberto Paz | 0-0: Foul Ball, location: 2F 0-1: Ball 1-1: SINGLE (Line Drive, 3D) | Batting: SHB Octávio Longoria | 0-0: Ball 1-0: Foul Ball, location: 2F 1-1: Ball 2-1: Foul Ball, location: 2F 2-2: Ball 3-2: Base on Balls Alberto Paz to second | Batting: RHB Ollie Johnson | 0-0: Ball 1-0: Ball 2-0: Called Strike 2-1: Ball Balk! Alberto Paz to third Octávio Longoria to second 3-1: Base on Balls | Batting: LHB Marty Gómez | 0-0: Ball 1-0: Called Strike 1-1: Fly out, F3 (Line Drive, 3L) | Batting: RHB Jimmy Stokes | 0-0: Ball 1-0: Fly out, F7 (Line Drive, 7S) | Batting: RHB Jim Hall | 0-0: Ball 1-0: Called Strike 1-1: Foul Ball, location: 2F 1-2: Foul Ball, location: 2F 1-2: Ball 2-2: Strikes out swinging | Bottom of the 6th over - 0 runs, 1 hit, 0 errors, 3 left on base; Tennessee 3 - Iowa State 3 | TOP OF THE 7TH |
---|
Tennessee Volunteers batting - Pitching for Iowa State Cyclones : RHP Bill Tracy | Batting: RHB Bruce Carr | 0-0: Foul Ball, location: 2F 0-1: SINGLE (Flyball, 7LM) | Batting: RHB Rodney Walker | 0-0: Bunted foul 0-1: Ball 1-1: Sac Bunt - play at first, batter OUT! 2-4 Bruce Carr to second | Batting: RHB Chris Harper | 0-0: Called Strike Throwing error on steal attempt, E2 Bruce Carr scores 0-1: Called Strike 0-2: Strikes out looking | Batting: RHB John Pickup | 0-0: Ball 1-0: Ball 2-0: Ball 3-0: Base on Balls | Pitching: RHP Joe Miller | | Batting: LHB Tom McTier | 0-0: Called Strike 0-1: Ball John Pickup is caught stealing 2nd base | Top of the 7th over - 1 run, 1 hit, 1 error, 0 left on base; Tennessee 4 - Iowa State 3 | BOTTOM OF THE 7TH |
---|
Iowa State Cyclones batting - Pitching for Tennessee Volunteers : LHP Tim Jones | Batting: LHB Mike O'Bryan | 0-0: Called Strike 0-1: Foul Ball, location: 2F 0-2: Hit by Pitch | Batting: RHB Carlos Santana | 0-0: Ball 1-0: Ball Wild Pitch! Mike O'Bryan to second 2-0: Called Strike 2-1: Foul Ball, location: 2F 2-2: Ball 3-2: Foul Ball, location: 2F 3-2: Foul Ball, location: 2F 3-2: Strikes out swinging | Batting: SHB Ralph Marshall | 0-0: Ball 1-0: Ground out 5-3 (Groundball, 5) | Batting: LHB Alberto Paz | 0-0: Ball 1-0: Ball 2-0: Ball 3-0: Called Strike 3-1: Base on Balls | Batting: SHB Octávio Longoria | 0-0: Ball 1-0: Ball 2-0: Called Strike 2-1: Foul Ball, location: 2F 2-2: Fly out, F8 (Line Drive, 8LM) | Bottom of the 7th over - 0 runs, 0 hits, 0 errors, 2 left on base; Tennessee 4 - Iowa State 3 | TOP OF THE 8TH |
---|
Tennessee Volunteers batting - Pitching for Iowa State Cyclones : RHP Joe Miller | Batting: LHB Tom McTier | 0-0: SINGLE (Groundball, 34D) (infield hit) | Batting: RHB Gary Washington | 0-0: Ball 1-0: Fly out, F7 (Line Drive, 7) | Pitching: LHP Jorge Rinlón | | Batting: LHB Alfredo Cantú | 0-0: Called Strike 0-1: Ball 1-1: Ball 2-1: Foul Ball, location: 2F 2-2: 2-RUN HOME RUN (Flyball, 9LD), Distance : 329 ft | Batting: LHB Carl Coffman | 0-0: Ball 1-0: Fly out, F7 (Flyball, 7S) | Pitching: RHP Derrek Sánchez | | Batting: SHB Jared Calhoun | 0-0: Ball 1-0: Fly out, F7 (Flyball, 78M) | Top of the 8th over - 2 runs, 2 hits, 0 errors, 0 left on base; Tennessee 6 - Iowa State 3 | BOTTOM OF THE 8TH |
---|
Iowa State Cyclones batting - Pitching for Tennessee Volunteers : LHP Tim Jones | Batting: RHB Ollie Johnson | 0-0: Called Strike 0-1: Fly out, F8 (Line Drive, 8LM) | Batting: LHB Marty Gómez | 0-0: Fly out, F2 (Popup, 2LF) | Batting: RHB Jimmy Stokes | 0-0: Called Strike 0-1: SINGLE (Line Drive, 9LS) | Batting: RHB Jim Hall | 0-0: Ball 1-0: Ball 2-0: Ground out U3 (Groundball, 34) | Bottom of the 8th over - 0 runs, 1 hit, 0 errors, 1 left on base; Tennessee 6 - Iowa State 3 | TOP OF THE 9TH |
---|
Tennessee Volunteers batting - Pitching for Iowa State Cyclones : RHP Derrek Sánchez | Pitching: RHP Tom Thomas | | Batting: RHB Bruce Carr | 0-0: Swinging Strike 0-1: Foul Ball, location: 2F 0-2: Ball 1-2: Strikes out looking | Batting: RHB Rodney Walker | 0-0: Foul Ball, location: 2F 0-1: Ball 1-1: Foul Ball, location: 2F 1-2: Strikes out swinging | Batting: RHB Chris Harper | 0-0: Ball 1-0: Foul Ball, location: 2F 1-1: SINGLE (Groundball, 56D) | Batting: RHB John Pickup | 0-0: Called Strike Chris Harper steals 2nd base 0-1: Ball 1-1: Swinging Strike 1-2: Ball 2-2: Ball 3-2: Ground out U3 (Groundball, 3) | Top of the 9th over - 0 runs, 1 hit, 0 errors, 1 left on base; Tennessee 6 - Iowa State 3 | BOTTOM OF THE 9TH |
---|
Iowa State Cyclones batting - Pitching for Tennessee Volunteers : LHP Tim Jones | Pitching: LHP Tony Féliz | | Batting: LHB Mike O'Bryan | 0-0: Called Strike 0-1: Fly out, F7 (Line Drive, 7D) | Batting: RHB Carlos Santana | 0-0: Ball 1-0: Ball 2-0: Called Strike 2-1: Swinging Strike 2-2: Fly out, F8 (Flyball, 89D) | Batting: SHB Ralph Marshall | 0-0: Foul Ball, location: 2F 0-1: Fly out, F8 (Flyball, 8RS) | Bottom of the 9th over - 0 runs, 0 hits, 0 errors, 0 left on base; Tennessee 6 - Iowa State 3 | |